AoeStats
← Fänncy

Arena

510394688Analyzed
2v2 RM · 2d ago on Sep 30, 2026· 65m 26s· 4 players
Game mode
Random Map
Map size
Medium (4 player)
Population
200
Speed
Normal
Resources
Standard
Victory
Conquest
Starting age
Dark Age
Ending age
Imperial Age
RankedLock teamsTeams togetherTeam positionsShared explorationLock speedFull tech treeHidden civsTurbo modeCheats
Victory
Defeat
🇪🇸 Bohemians · Spain
1088
+15
🇩🇪 Danes · Germany
1057
+19
🇲🇽 Cumans · Mexico
1127
-18
🇨🇴 Mongols · Colombia
1011
-13
Fänncy
10:30 Feudal Age
11:18 Double-Bit Axe
11:17 Horse Collar
13:22 Loom
17:58 Castle Age
20:03 Scale Mail Armor
23:59 Bow Saw
28:04 Fletching
32:29 Bodkin Arrow
43:08 Imperial Age
41:48 Squires
41:35 Gambesons
42:08 Chain Mail Armor
45:33 Elite Varangian Guard
51:39 Heavy Plow
BayZip
12:23 Feudal Age
13:49 Loom
16:26 Castle Age
14:23 Horse Collar
15:52 Double-Bit Axe
20:19 Scale Barding Armor
25:16 Town Watch
28:58 Bow Saw
31:58 Fletching
34:38 Bodkin Arrow
34:17 Pikeman
38:51 Imperial Age
39:22 Heavy Plow
40:20 Scale Mail Armor
40:21 Bracer
40:32 Forging
41:48 Two-Man Saw
42:02 Chain Mail Armor
43:46 Conscription
45:15 Wheelbarrow
50:59 Light Cavalry
52:27 Elite Hussite Wagon
55:00 Chain Barding Armor
55:16 Iron Casting
56:27 Halberdier
57:20 Husbandry
62:15 Blast Furnace
PILDORO
5:09 Loom
9:22 Feudal Age
21:06 Castle Age
20:33 Scale Mail Armor
21:26 Forging
25:14 Pikeman
28:19 Fletching
30:25 Double-Bit Axe
30:23 Horse Collar
31:03 Gold Mining
33:01 Wheelbarrow
32:42 Heavy Plow
32:56 Bow Saw
35:08 Bodkin Arrow
43:39 Imperial Age
40:44 Elite Skirmisher
42:00 Thumb Ring
44:52 Onager
47:58 Parthian Tactics
48:41 Stone Mining
49:29 Hand Cart
48:59 Town Watch
51:44 Chemistry
51:05 Ballistics
53:30 Stone Shaft Mining
53:49 Siege Onager
57:12 Drill
57:12 Conscription
57:32 Gold Shaft Mining
57:50 Siege Engineers
63:59 Masonry
DSLG | CHEF GABO
5:21 Loom
9:57 Feudal Age
12:20 Man-at-Arms
13:14 Double-Bit Axe
20:02 Fletching
20:26 Forging
25:23 Castle Age
23:51 Padded Archer Armor
25:04 Horse Collar
27:48 Thumb Ring
28:03 Gold Mining
30:19 Capped Ram
34:42 Gold Shaft Mining
42:22 Stone Mining
46:33 Bloodlines
50:08 Bodkin Arrow
50:28 Leather Archer Armor
54:14 Iron Casting
53:45 Scale Barding Armor
Connection lost

Rejoining the realm…

Still unreachable

The connection could not be restored.

Session expired

The server has moved on; the page needs a fresh start.